 Dungeon Crawl Stone Soup version 0.31-a0-1074-g0b22e4e0f1 (webtiles) character file.

Game seed: 4894200513958576925

14131 jlumianski the Grappler (level 12, -13/91 HPs)
             Began as a Gnoll Shapeshifter on Dec 3, 2023.
             Was a Priest of Wu Jian.
             Mangled by a white ugly thing (24 damage)
             ... on level 12 of the Dungeon on Dec 4, 2023.
             The game lasted 01:18:32 (11806 turns).

jlumianski the Grappler (Gnoll Shapeshifter)       Turns: 11806, Time: 01:18:33

Health: -13/91     AC: 16    Str: 23    XL:     12   Next: 13%
Magic:  18/22      EV: 14    Int: 10    God:    Wu Jian [***...]
Gold:   763        SH:  0    Dex: 13    Spells: 7/25 levels left

rFire   . .          .
                       - Unarmed
rCold   . . .        (shield currently unavailable)
rNeg    . . .        j - +4 ring mail
rPois   .            v - +1 helmet {SInv}
rElec   .            f - +0 cloak
rCorr   .            Y - +0 pair of gloves
SInv    +            k - +0 pair of boots
Will    .....        P - amulet of the acrobat
Stlth   +            J - ring of wizardry
HPRegen 0.35/turn    U - +6 ring of strength
MPRegen 0.18/turn

%: acrobat, wizardry (x1)
@: flux-form, on blink cooldown, glowing
A: glow, contaminating, fangs 1, strong nose, distributed training
a: Begin Untransformation, Renounce Religion, Wall Jump, Serpent's Lash


You were on level 12 of the Dungeon.
You worshipped Wu Jian.
Wu Jian was most pleased with you.
You were something dangerously unstable.
You visited 2 branches of the dungeon, and saw 14 of its levels.

You collected 903 gold pieces.
You spent 140 gold pieces at shops.

Inventory:

Hand Weapons
 q - the +6 mace of Corruption {speed, rElec Str+5 Int-3 Stlth+}
   (You found it on level 12 of the Dungeon)

   Str+5:     It affects your strength (+5).
   Int-3:     It affects your intelligence (-3).
   rElec:     It insulates you from electricity.
   Stlth+:    It makes you more stealthy.
 O - a +2 battleaxe of freezing
Missiles
 p - 15 poisoned darts
 t - 6 darts of dispersal
 x - 3 atropa-tipped darts
 I - 3 throwing nets
 V - 5 curare-tipped darts
Armour
 f - a +0 cloak (worn)
 j - a +4 ring mail (worn)
 k - a +0 pair of boots (worn)
 v - a +1 helmet of see invisible (worn)
 A - a +2 ring mail of poison resistance
 Y - a +0 pair of gloves (worn)
Jewellery
 a - a +4 ring of protection
 E - a ring of ice
 F - a ring of poison resistance
 J - a ring of wizardry (left hand)
 P - an amulet of the acrobat (around neck)
 U - a +6 ring of strength (right hand)
Talismans
 c - a beast talisman
 d - a flux talisman (active)
 g - a storm talisman
Wands
 G - a wand of iceblast (5)
 H - a wand of flame (35)
 X - a wand of light (14)
Scrolls
 e - a scroll of butterflies
 h - 3 scrolls of blinking
 m - a scroll of immolation
 y - 2 scrolls of identify
 B - a scroll of revelation
 D - a scroll of poison
 L - 4 scrolls of teleportation
 T - a scroll of silence
 Z - a scroll of fear
Potions
 b - a potion of lignification
 i - 2 potions of magic
 l - a potion of haste
 n - 2 potions of might
 o - 4 potions of heal wounds
 r - a potion of enlightenment
 s - a potion of cancellation
 u - 2 potions of berserk rage
 N - a potion of attraction


   Skills:
 + Level 7.6 Fighting
 + Level 7.1 Short Blades
 + Level 7.1 Long Blades
 + Level 7.1 Axes
 + Level 7.1 Maces & Flails
 + Level 7.1 Polearms
 + Level 7.1 Staves
 + Level 7.1 Ranged Weapons
 + Level 7.1 Throwing
 + Level 7.1 Armour
 + Level 8.5 Dodging
 + Level 7.1 Stealth
 + Level 7.1 Shields
 + Level 9.7 Unarmed Combat
 + Level 7.1 Spellcasting
 + Level 5.9 Conjurations
 + Level 5.9 Hexes
 + Level 5.9 Summonings
 + Level 5.9 Necromancy
 + Level 5.9 Translocations
 + Level 5.9 Transmutations
 + Level 5.9 Fire Magic
 + Level 5.9 Ice Magic
 + Level 5.9 Air Magic
 + Level 5.9 Earth Magic
 + Level 5.9 Poison Magic
 + Level 7.8 Invocations
 + Level 7.1 Evocations
 + Level 9.3 Shapeshifting


You had 7 spell levels left.
You knew the following spells:

 Your Spells              Type           Power      Damage    Failure   Level
a - Summon Small Mammal   Summ           60%        N/A       1%          1
b - Blink                 Tloc           30%        N/A       1%          2
c - Call Canine Familiar  Summ           15%        N/A       2%          3
d - Summon Guardian Gole  Hex/Summ       15%        N/A       2%          3
e - Magic Dart            Conj           60%        1d6       1%          1
f - Call Imp              Summ           30%        N/A       1%          2
g - Mephitic Cloud        Conj/Pois/Air  15%        N/A       2%          3
h - Inner Flame           Hex/Fire       15%        N/A       2%          3

Your spell library contained the following spells:

 Spells                   Type           Power      Damage    Failure   Level
 Foxfire                  Conj/Fire      60%        2x1d7     1%          1
 Ensorcelled Hibernation  Hex/Ice        30%        N/A       1%          2
 Passwall                 Tmut/Erth      12%        N/A       1%          2
 Wereblood                Tmut           15%        N/A       1%          2
 Swiftness                Air            15%        N/A       2%          3
 Animate Dead             Necr           15%        N/A       10%         4
 Flame Wave               Conj/Fire      15%        2d7       10%         4
 Manifold Assault         Tloc           15%        N/A       10%         4
 Sticky Flame             Conj/Fire      15%        2d4       10%         4
 Borgnjor's Vile Clutch   Necr/Erth      7%         N/A       26%         5
 Irradiate                Conj/Tmut      7%         3d14      26%         5
 Death Channel            Necr           7%         N/A       78%         6
 Plasma Beam              Fire/Air       7%         2x1d18    78%         6
 Starburst                Conj/Fire      7%         6d4       78%         6


Dungeon Overview and Level Annotations

Branches:
Dungeon (13/15)            Temple (1/1) D:5            Lair (0/5) D:11
    Orc (0/2) D:11
 Vaults: D:13-14

Altars:
Ashenzari
Cheibriados
Dithmenos
Elyvilon
Gozag
Hepliaklqana
Makhleb
Nemelex Xobeh
Okawaru
Qazlal
Ru
Sif Muna
Trog
Uskayaw
Vehumet
Wu Jian
Xom
Yredelemnul
The Shining One

Shops:
D:6 *   D:11 *

Annotations:
D:11 Erolcha


Innate Abilities, Weirdness & Mutations

You are something dangerously unstable.
You glow with magical radiation, making you easy to see and hit.
Foes you strike become dangerously contaminated with magical radiation.
You are incapable of wielding weapons or throwing items.
You have very sharp teeth.
Your uncanny sense of smell can sniff out nearby items.
Your experience applies equally to all skills.


Message History

You closely miss the white ugly thing.
The white ugly thing is lightly wounded.
You closely miss the white ugly thing.
The white ugly thing is lightly wounded.
The white ugly thing misses you. The white ugly thing stings you.
The white ugly thing freezes you!
You spin and attack the white ugly thing.
You closely miss the white ugly thing. The white ugly thing barely misses you.
Aiming: Wall Jump
Press: ? - help, Dir - move target You repeatedly attack the white ugly thing from above.
You barely miss the white ugly thing. You closely miss the white ugly thing.
The white ugly thing stings you! The white ugly thing freezes you!!
The white ugly thing stings you but does no damage.
You spin and attack the white ugly thing.
You closely miss the white ugly thing. The white ugly thing stings you.
The white ugly thing freezes you!
* * * LOW HITPOINT WARNING * * *
The white ugly thing attacks as it pursues you!
The white ugly thing stings you but does no damage.
Casting: Inner Flame (mildly dangerous; 2% risk of failure)
Confirm with . or Enter, or press ? or * to list all spells.
Aiming: Magic Dart (safe; 1% risk of failure)
Press: ? - help, Shift-Dir - straight line, f - white ugly thing
Aim: a white ugly thing (100% to hit)
Okay, then.
Unknown command.
Unknown command.
Casting: Magic Dart (safe; 1% risk of failure)
Confirm with . or Enter, or press ? or * to list all spells.
You blink.
The white ugly thing completely misses you.
The white ugly thing attacks as it pursues you!
The white ugly thing completely misses you.
Casting: Blink (safe; 1% risk of failure)
Confirm with . or Enter, or press ? or * to list all spells.
The white ugly thing stings you!
* * * LOW HITPOINT WARNING * * *
The white ugly thing freezes you!!
You die...

################################
................pu.............
##...##...##.....#...........#
##..............h#..#........###
##..............................
.........######....###....#####
.................#.# #....#
...#########.......# #.##.#
...#....# #....#### #.. .#
...#...## #....# ### ##


You could see a white ugly thing (ally target) and a friendly hound (summoned).

Vanquished Creatures
  Snorg (D:11)
  Harold (D:10)
  Sonja (D:11)
  The ghost of Sundig the Shield-Bearer, a novice VSFi of Qazlal (D:7)
  A manticore (D:12)
  Maurice (D:11)
  A gargoyle (D:11)
  Joseph (D:10)
  Psyche (D:9)
  A rime drake (D:11)
  2 komodo dragons (D:12)
  A polar bear (D:11)
  2 trolls
  Sigmund (D:4)
  15 yaks
  A basilisk (D:7)
  A steam dragon (D:7)
  A vampire (D:12)
  7 vampire mosquitoes
  3 water moccasins
  6 orc warriors
  5 ice beasts
  A sky beast (D:6)
  2 centaurs
  3 phantoms (D:4)
  2 kobold brigands
  3 bullfrogs
  A gnoll sergeant (D:13)
  3 scorpions
  5 wights (D:10)
  14 killer bees
  2 howler monkeys (D:11)
  A jelly (D:4)
  4 orc priests
  A gnoll bouda (D:9)
  7 hounds
  2 sleepcaps
  An iguana (D:7)
  6 orc wizards
  10 gnolls
  11 adders
  2 shadow imps
  2 white imps
  5 ufetubi
  2 worms (D:3)
  2 dart slugs
  47 orcs
  2 ball pythons
  15 bats
  7 endoplasms
  3 giant cockroaches
  6 goblins
  9 hobgoblins
  11 jackals
  10 quokkas
  6 frilled lizards
  9 kobolds
  4 rats
276 creatures vanquished.

Vanquished Creatures (collateral kills)
  A two-headed ogre (D:11)
  An orc (D:7)
2 creatures vanquished.

Vanquished Creatures (others)
  A wraith (D:9)
  A vampire mosquito (D:10)
  A butterfly (D:5)
3 creatures vanquished.

Grand Total: 281 creatures vanquished

Notes
Turn   | Place    | Note
-------+----------+-------------------------------------------
     0 | D:1      | jlumianski the Gnoll Shapeshifter began the quest for the
                  | Orb.
     0 | D:1      | Reached XP level 1. HP: 17/17 MP: 1/1
   109 | D:1      | Reached XP level 2. HP: 20/23 MP: 2/2
   304 | D:2      | Reached XP level 3. HP: 21/28 MP: 3/3
   339 | D:2      | Reached skill level 1 in Invocations
   462 | D:2      | Reached skill level 1 in Short Blades
   462 | D:2      | Reached skill level 1 in Long Blades
   462 | D:2      | Reached skill level 1 in Axes
   462 | D:2      | Reached skill level 1 in Maces & Flails
   462 | D:2      | Reached skill level 1 in Polearms
   462 | D:2      | Reached skill level 1 in Staves
   462 | D:2      | Reached skill level 1 in Ranged Weapons
   462 | D:2      | Reached skill level 1 in Throwing
   462 | D:2      | Reached skill level 1 in Armour
   462 | D:2      | Reached skill level 1 in Stealth
   462 | D:2      | Reached skill level 1 in Shields
   462 | D:2      | Reached skill level 1 in Spellcasting
   462 | D:2      | Reached skill level 1 in Evocations
   490 | D:2      | Reached XP level 4. HP: 34/34 MP: 5/5
   517 | D:2      | Found a white marble altar of Elyvilon.
  1096 | D:2      | Reached skill level 1 in Conjurations
  1096 | D:2      | Reached skill level 1 in Hexes
  1096 | D:2      | Reached skill level 1 in Summonings
  1096 | D:2      | Reached skill level 1 in Necromancy
  1096 | D:2      | Reached skill level 1 in Translocations
  1096 | D:2      | Reached skill level 1 in Transmutations
  1096 | D:2      | Reached skill level 1 in Fire Magic
  1096 | D:2      | Reached skill level 1 in Ice Magic
  1096 | D:2      | Reached skill level 1 in Air Magic
  1096 | D:2      | Reached skill level 1 in Earth Magic
  1096 | D:2      | Reached skill level 1 in Poison Magic
  1452 | D:3      | Found a radiant altar of Vehumet.
  1464 | D:4      | Noticed a phantom
  1485 | D:3      | Found a faded altar of an unknown god.
  1548 | D:3      | Reached XP level 5. HP: 40/40 MP: 5/7
  1632 | D:3      | Found a shimmering blue altar of Sif Muna.
  2501 | D:5      | Entered Level 5 of the Dungeon
  2568 | D:5      | Noticed a phantom
  2568 | D:5      | Noticed an ice beast
  2573 | D:5      | Reached XP level 6. HP: 47/47 MP: 8/8
  2587 | D:4      | Reached skill level 5 in Dodging
  2639 | D:4      | Reached XP level 7. HP: 46/52 MP: 10/10
  2772 | D:4      | Found a snail-covered altar of Cheibriados.
  2940 | D:4      | Noticed Sigmund
  2961 | D:4      | Killed Sigmund
  3340 | D:6      | Reached XP level 8. HP: 57/60 MP: 12/12
  3512 | D:5      | HP: 3/60 [orc warrior/+0 dire flail (10)]
  3795 | D:5      | Found a staircase to the Ecumenical Temple.
  3801 | Temple   | Entered the Ecumenical Temple
  3817 | Temple   | Became a worshipper of the Wu Jian Council
  4169 | D:6      | Found Buaxkan's Assorted Antiques.
  4186 | D:6      | Bought a bone wand for 112 gold pieces
  4186 | D:6      | Bought a scroll labelled JIXEAW WIERO for 28 gold pieces
  4322 | D:5      | Found a white marble altar of Elyvilon.
  4902 | D:7      | Found a runed translucent door.
  4903 | D:7      | Noticed Sundig's ghost (novice VSFi)
  5044 | D:6      | Reached * piety under Wu Jian
  5135 | D:7      | Reached XP level 9. HP: 66/66 MP: 14/14
  5254 | D:7      | Found a sparkling altar of Nemelex Xobeh.
  5555 | D:7      | Reached skill level 5 in Fighting
  5581 | D:7      | Learned a level 1 spell: Summon Small Mammal
  5905 | D:7      | Learned a level 2 spell: Blink
  5909 | D:7      | Learned a level 3 spell: Call Canine Familiar
  5913 | D:7      | Learned a level 3 spell: Summon Guardian Golem
  5985 | D:7      | Reached ** piety under Wu Jian
  6037 | D:8      | Learned a level 1 spell: Magic Dart
  6040 | D:8      | Learned a level 2 spell: Call Imp
  6044 | D:8      | Learned a level 3 spell: Mephitic Cloud
  6481 | D:7      | Killed Sundig's ghost
  6482 | D:7      | Reached skill level 5 in Invocations
  6798 | D:8      | Reached XP level 10. HP: 47/75 MP: 17/17
  6802 | D:8      | Reached skill level 5 in Short Blades
  6802 | D:8      | Reached skill level 5 in Long Blades
  6802 | D:8      | Reached skill level 5 in Axes
  6802 | D:8      | Reached skill level 5 in Maces & Flails
  6802 | D:8      | Reached skill level 5 in Polearms
  6802 | D:8      | Reached skill level 5 in Staves
  6802 | D:8      | Reached skill level 5 in Ranged Weapons
  6802 | D:8      | Reached skill level 5 in Throwing
  6802 | D:8      | Reached skill level 5 in Armour
  6802 | D:8      | Reached skill level 5 in Stealth
  6802 | D:8      | Reached skill level 5 in Shields
  6802 | D:8      | Reached skill level 5 in Spellcasting
  6802 | D:8      | Reached skill level 5 in Evocations
  6817 | D:8      | Learned a level 3 spell: Inner Flame
  6975 | D:8      | Found a shimmering altar of Xom.
  7058 | D:8      | Found an opulent altar of Gozag.
  7390 | D:10     | Entered Level 10 of the Dungeon
  7625 | D:10     | Noticed Harold
  7636 | D:10     | Killed Harold
  7856 | D:9      | Noticed Psyche
  7865 | D:9      | Killed Psyche
  7980 | D:9      | Noticed a two-headed ogre
  8218 | D:11     | Noticed Erolcha
  8558 | D:10     | Noticed Joseph
  8563 | D:10     | Killed Joseph
  8578 | D:11     | Noticed a two-headed ogre
  8578 | D:11     | Found a staircase to the Orcish Mines.
  8675 | D:10     | Reached XP level 11. HP: 67/83 MP: 19/19
  9242 | D:10     | Reached skill level 5 in Conjurations
  9242 | D:10     | Reached skill level 5 in Hexes
  9242 | D:10     | Reached skill level 5 in Summonings
  9242 | D:10     | Reached skill level 5 in Necromancy
  9242 | D:10     | Reached skill level 5 in Translocations
  9242 | D:10     | Reached skill level 5 in Transmutations
  9242 | D:10     | Reached skill level 5 in Fire Magic
  9242 | D:10     | Reached skill level 5 in Ice Magic
  9242 | D:10     | Reached skill level 5 in Air Magic
  9242 | D:10     | Reached skill level 5 in Earth Magic
  9242 | D:10     | Reached skill level 5 in Poison Magic
  9256 | D:10     | Reached *** piety under Wu Jian
  9669 | D:11     | Noticed Sonja
  9685 | D:11     | Killed Sonja
  9892 | D:11     | Found Ycvit's Assorted Antiques.
  9930 | D:11     | Noticed a two-headed ogre
  9979 | D:11     | Found a staircase to the Lair.
 10039 | D:11     | Killed a two-headed ogre
 10189 | D:11     | Noticed Maurice
 10218 | D:11     | Noticed Snorg
 10238 | D:11     | Killed Snorg
 10338 | D:11     | Killed Maurice
 10961 | D:12     | Identified the +6 mace of Corruption {speed, rElec Str+5
                  | Int-3 Stlth+}
 11110 | D:12     | Reached XP level 12. HP: 67/91 MP: 22/22
 11254 | D:12     | You fall into a shaft and drop 1 floor!
 11806 | D:12     | Mangled by a white ugly thing

Illustrated notes

Levels and vault maps discovered:
D:1:      psy_arrival_conway, layout_rooms, st_stairs_11
D:2:      layout_rooms, basic_altar, chequers_serial_rivers_micro_a
D:3:      layout_loops_corners, mainiacjoe_overflow_catch_the_wave,
          shapermc_ecumenical_altar_totnotflames, st_stairs_11, roderic_batcave,
          minmay_cut_off
D:4:      layout_cave_pools, cheibriados_altar_1, uniq_sigmund
D:5:      layout_loops_ring, nicolae_elyvilon_peaceful_grove,
          minmay_temple_entry_enclosed_plants, dreamdust_princess_corridor,
          minmay_fractal_squares_5
D:6:      layout_cave_pools, serial_shops, shop, nrook_loot_triangle
D:7:      layout_loops_cross, nemelex_diamond_rough_becter,
          gammafunk_ghost_grave
D:8:      layout_cave_pools, nicolae_gozag_seed_capital, lemuel_tele_altar
D:9:      layout_basic, zin_angel, kiku_gazebo_garden_becter,
          mainiacjoe_overflow_alcove_1, hangedman_abyss_or_decor_clamps,
          uniq_psyche
D:10:     layout_roguey, uniq_joseph, uniq_harold
D:11:     layout_basic, hellmonk_lair_entry_icy, david_orc_2, serial_shops,
          nicolae_shop_tiny_glass, uniq_maurice, uniq_erolcha, uniq_sonja,
          uniq_snorg
D:12:     layout_stronghold
D:13:     layout_long_grid, roadster_trireme
Temple:   hellmonk_temple_flake

Skill      XL: |  1  2  3  4  5  6  7  8  9 10 11 12 |
---------------+-------------------------------------+-----
Invocations    | 1 2 3 4 5 6 7 |  7.8
Short Blades   | 1 2 3 4 5 6 7 |  7.1
Long Blades    | 1 2 3 4 5 6 7 |  7.1
Axes           | 1 2 3 4 5 6 7 |  7.1
Maces & Flails | 1 2 3 4 5 6 7 |  7.1
Polearms       | 1 2 3 4 5 6 7 |  7.1
Staves         | 1 2 3 4 5 6 7 |  7.1
Ranged Weapons | 1 2 3 4 5 6 7 |  7.1
Throwing       | 1 2 3 4 5 6 7 |  7.1
Armour         | 1 2 3 4 5 6 7 |  7.1
Stealth        | 1 2 3 4 5 6 7 |  7.1
Shields        | 1 2 3 4 5 6 7 |  7.1
Spellcasting   | 1 2 3 4 5 6 7 |  7.1
Evocations     | 1 2 3 4 5 6 7 |  7.1
Conjurations   | 1 2 3 4 5 |  5.9
Hexes          | 1 2 3 4 5 |  5.9
Summonings     | 1 2 3 4 5 |  5.9
Necromancy     | 1 2 3 4 5 |  5.9
Translocations | 1 2 3 4 5 |  5.9
Transmutations | 1 2 3 4 5 |  5.9
Fire Magic     | 1 2 3 4 5 |  5.9
Ice Magic      | 1 2 3 4 5 |  5.9
Air Magic      | 1 2 3 4 5 |  5.9
Earth Magic    | 1 2 3 4 5 |  5.9
Poison Magic   | 1 2 3 4 5 |  5.9
Fighting       | 3 4 5 6 7 |  7.6
Dodging        | 5 6 7 8 |  8.5
Unarmed Combat | 7 8 9 |  9.7
Shapeshifting  | 7 8 9 |  9.3

Action                     |  1- 3 |  4- 6 |  7- 9 | 10-12 || total
---------------------------+-------+-------+-------+-------++-------
  Melee: Unarmed           |    55 |   153 |   389 |   396 ||   993
         Bite              |     3 |    11 |    39 |    62 ||   115
         Punch             |       |     7 |     3 |       ||    10
   Fire: Sling             |     2 |       |       |       ||     2
  Throw: Boomerang         |       |    12 |    10 |       ||    22
   Cast: Call Canine Famil |       |       |     2 |     9 ||    11
         Summon Guardian G |       |       |     2 |     5 ||     7
         Magic Dart        |       |       |     2 |     2 ||     4
         Summon Small Mamm |       |       |     1 |    12 ||    13
         Call Imp          |       |       |     1 |     4 ||     5
         Blink             |       |       |     1 |     1 ||     2
         Mephitic Cloud    |       |       |     1 |       ||     1
         Inner Flame       |       |       |       |     8 ||     8
Ability: Lunge             |       |       |    22 |    18 ||    40
         Whirlwind         |       |       |    10 |    28 ||    38
         Wall Jump         |       |       |     3 |    16 ||    19
  Evoke: Wand              |       |       |     2 |     1 ||     3
    Use: Potion            |       |     2 |     3 |     3 ||     8
         Scroll            |       |       |    10 |    13 ||    23
   Stab: Sleeping          |     1 |       |       |     1 ||     2
 Armour: Animal skin       |    19 |       |       |       ||    19
         Ring mail         |    18 |    79 |   285 |   229 ||   611
  Dodge: Dodged            |    35 |   108 |   271 |   274 ||   688
   Form: Flux              |       |       |     1 |       ||     1

Table legend: (Time is in decaauts)
 A = Elapsed time spent in this place.
 B = Non-inter-level travel time spent in this place.
 C = Inter-level travel time spent in this place.
 D = Time resting spent in this place.
 E = Time spent auto-exploring this place.
 F = Levels seen in this place.
 G = Mean time per level.
                   A        B        C        D        E       F      G
               +--------+--------+--------+--------+--------+-----+--------+
         Total |  11763 |  11448 |    315 |   1359 |   5062 |  14 |  840.2 |
       Dungeon |  11736 |  11421 |    315 |   1359 |   5062 |  13 |  902.8 |
        Temple |     26 |     26 |      0 |      0 |      0 |   1 |   26.0 |
               +--------+--------+--------+--------+--------+-----+--------+

Top non-repeatable levels by time:
    D:10: 1783 daAuts
     D:5: 1370 daAuts
     D:7: 1367 daAuts
    D:11: 1157 daAuts
     D:3: 1117 daAuts
    D:12: 775 daAuts
     D:6: 761 daAuts
     D:8: 738 daAuts
     D:4: 729 daAuts
     D:2: 624 daAuts
     D:1: 598 daAuts
     D:9: 537 daAuts
    D:13: 175 daAuts
  Temple: 26 daAuts
